 Dungeon Crawl Stone Soup version 0.19.3 (webtiles) character file.

366 TryAgain the Chiller (level 6, -1/36 HPs)
             Began as a Gargoyle Ice Elementalist on Jan 23, 2017.
             Slain by an ogre
             ... wielding a +0 giant spiked club
              (26 damage)
             ... on level 4 of the Dungeon.
             The game lasted 00:13:59 (3049 turns).

TryAgain the Chiller (Gargoyle Ice Elementalist)    Turns: 3049, Time: 00:14:00

Health: -1/36      AC:  8    Str: 12    XL:     6   Next: 68%
Magic:  8/10       EV: 12    Int: 17    God:
Gold:   97         SH:  0    Dex: 10    Spells: 2 memorised, 8 levels left

rFire  . . .     SeeInvis .     g - +0 rapier
rCold  . . .     Gourm    .     d - +0 leather armour
rNeg   + . .     Faith    .     (no shield)
rPois  ∞         Spirit   .     (no helmet)
rElec  +         Reflect  .     (no cloak)
rCorr  .         Harm     .     (no gloves)
MR     .....                    k - +0 pair of boots (curse)
Stlth  ++........               (no amulet)
                                (no ring)
                                (no ring)

@: no status effects
A: negative energy resistance 1, electricity resistance, unbreathing,
petrification resistance, rot immunity, AC +4
a: no special abilities


You were on level 4 of the Dungeon.
You were not hungry.

You visited 1 branch of the dungeon, and saw 4 of its levels.

You collected 97 gold pieces.

Inventory:

Hand Weapons
 g - a +0 rapier (weapon)
 m - a +0 short sword
 u - a +2 rapier of holy wrath
Armour
 d - a +0 leather armour (worn)
 k - a cursed +0 pair of boots (worn)
Wands
 t - a wand of lightning (15/15)
Scrolls
 h - a scroll of blinking {unknown}
 i - a scroll of recharging
 p - a scroll of fear {unknown}
 q - a scroll of enchant armour {unknown}
 s - a scroll of amnesia {unknown}
Potions
 e - 2 potions of lignification
 f - a potion of cancellation {unknown}
 j - a potion of cure mutation {unknown}
 l - a potion of brilliance {unknown}
Books
 b - a book of Frost

   Spells                             Type                      Level
   a - Freeze                         Ice                          1
   b - Throw Frost                    Conjuration/Ice              2
   c - Ozocubu's Armour               Charms/Ice                   3
   d - Throw Icicle                   Conjuration/Ice              4
   e - Summon Ice Beast               Ice/Summoning                4
Comestibles
 a - 2 chunks of flesh
 o - a beef jerky


   Skills:
 + Level 2.9 Fighting
 - Level 1.0 Armour
 + Level 2.8 Dodging
 + Level 3.8 Stealth
 + Level 3.1 Spellcasting
 + Level 2.0 Conjurations
 + Level 3.9 Ice Magic


You had 8 spell levels left.
You knew the following spells:

 Your Spells              Type           Power        Failure   Level  Hunger
a - Freeze                Ice            ###.         6%          1    None
b - Throw Frost           Conj/Ice       ##....       12%         2    ##.....


Dungeon Overview and Level Annotations

Branches:
Dungeon (5/15)
 Temple: D:4-7

Altars:
Hepliaklqana


Innate Abilities, Weirdness & Mutations

You are resistant to torment.
Your stone body is resilient. (AC +4)
You are immune to poison.
You resist negative energy. (rN+)
You are resistant to electric shocks. (rElec)
You can survive without breathing.
You are immune to petrification.
You are immune to rotting.


Message History

As you close the door, it creaks loudly!
The ogre hits you with a giant spiked club!
Casting: Freeze
Confirm with . or Enter, or press ? or * to list all spells.
Aiming: Freeze
Press: ? - help, Shift-Dir - straight line, f - ogre
Aim: an ogre, wielding a giant spiked club You freeze the ogre.
The ogre is lightly wounded.
The ogre misses you.
Casting: Freeze
Confirm with . or Enter, or press ? or * to list all spells.
Aiming: Freeze
Press: ? - help, Shift-Dir - straight line, f/p - ogre
Aim: an ogre, wielding a giant spiked club (lightly wounded)
You freeze the ogre.
The ogre is lightly wounded.
The ogre hits you with a giant spiked club!!
Ouch! That really hurt!
You die...

#.### ..... #...# .....
#...# ....... #...#
..##.o. #...# # ##
####..##..)##...####.###
##.
......#.....#...........
#..
......'.....#...........
#).
......#.....+...@O......
#..
%O....#.....#...........
#..
#....##...###########'#
### #....###### #
##....#....# #
#.....#....# #
#.....+....# #
#.....#....# #
##....#..#.#### +# # #


You could see an ogre.

Vanquished Creatures
  Eustachio (D:4)
  A bullfrog zombie (D:5)
  An iguana (D:5)
  An orc wizard (D:5)
  A centaur skeleton (D:5)
  A worker ant (D:5)
  3 adders
  An ooze (D:2)
  An adder skeleton (D:5)
  3 worms
  2 dart slugs (D:1)
  3 leopard geckos (D:5)
  2 orcs (D:5)
  5 bats
  A giant cockroach (D:2)
  2 goblins (D:2)
  3 hobgoblins
  2 quokkas (D:2)
  A ball python (D:2)
  2 frilled lizards (D:1)
  A jackal zombie (D:5)
  6 kobolds
  4 rats
48 creatures vanquished.

Notes
Turn   | Place    | Note
-------+----------+-------------------------------------------
     0 | D:1      | TryAgain the Gargoyle Ice Elementalist began the quest for the Orb.
     0 | D:1      | Reached XP level 1. HP: 10/10 MP: 3/3
   396 | D:1      | Reached XP level 2. HP: 16/16 MP: 3/5
   463 | D:1      | Reached skill level 1 in Fighting
   893 | D:2      | Reached XP level 3. HP: 10/20 MP: 2/6
  1004 | D:2      | Found a hazy altar of Hepliaklqana.
  1022 | D:2      | Reached skill level 1 in Armour
  1592 | D:2      | Found a faded altar of an unknown god.
  1613 | D:2      | You fall through a shaft for 2 floors!
  1627 | D:4      | Noticed an ogre
  1649 | D:5      | Entered Level 5 of the Dungeon
  1666 | D:5      | Reached XP level 4. HP: 14/25 MP: 1/7
  2066 | D:5      | Reached XP level 5. HP: 15/30 MP: 2/8
  2103 | D:5      | Learned a level 2 spell: Throw Frost
  2651 | D:5      | Noticed an ogre
  2783 | D:4      | Noticed Eustachio
  2816 | D:4      | Killed Eustachio
  2816 | D:4      | Reached XP level 6. HP: 12/36 MP: 0/10
  3049 | D:4      | Slain by an ogre

Skill      XL: |  1  2  3  4  5  6 |
---------------+-------------------+-----
Fighting       | 1 2 |  2.9
Armour         | 1 |  1.0
Dodging        | 2 |  2.8
Stealth        | 3 |  3.8
Spellcasting   | 3 |  3.1
Conjurations   | 2 |  2.0
Ice Magic      | |  3.9

Action                   |  1- 3 |  4- 6 || total
-------------------------+-------+-------++-------
Melee: Dagger            |    70 |       ||    70
       Short sword       |    26 |    58 ||    84
       Rapier            |       |     1 ||     1
 Cast: Freeze            |    43 |    35 ||    78
  Use: Scroll            |       |     4 ||     4
       Potion            |       |     1 ||     1
 Stab: Sleeping          |     3 |     2 ||     5
  Eat: Chunk             |     3 |       ||     3
       Bread ration      |       |     2 ||     2
Armor: Leather armour    |    51 |    49 ||   100
Dodge: Dodged            |    66 |    74 ||   140
